 Dungeon Crawl Stone Soup version 0.29.1-15-g9cfb28693d (webtiles) character file.

Game seed: 16812286771641158020

3594 BuddhaDhamma the Severer (level 9, -1/105 HPs)
             Began as a Minotaur Berserker on Mar 16, 2023.
             Was an Elder of Trog.
             Succumbed to a kobold brigand's curare-tipped dart
             ... on level 7 of the Dungeon.
             The game lasted 00:11:22 (7633 turns).

BuddhaDhamma the Severer (Minotaur Berserker)       Turns: 7633, Time: 00:11:23

Health: -1/105     AC: 12    Str: 26    XL:     9   Next: 85%
Magic:  8/8        EV:  9    Int:  4    God:    Trog [****..]
Gold:   269        SH:  0    Dex: 10    Spells: 8/8 levels left

rFire   . . .      SeeInvis .   v - +3 war axe (vorpal)
rCold   . . .      Faith    .   (no shield)
rNeg    . . .      Spirit   .   g - +0 chain mail
rPois   .          Reflect  .   (helmet restricted)
rElec   .          Harm     .   e - +1 cloak
rCorr   .          Rampage  .   (no gloves)
Will    .....                   q - +0 pair of boots
Stlth   ..........              (no amulet)
HPRegen 0.27/turn               (no ring)
MPRegen 0.11/turn               (no ring)

@: berserking, lethally poisoned (-1 -> -21), slowed, studying Armour
A: horns 2, retaliatory headbutt
a: Renounce Religion, Berserk, Trog's Hand, Brothers in Arms


You were on level 7 of the Dungeon.
You worshipped Trog.
Trog was greatly pleased with you.
You visited 1 branch of the dungeon, and saw 7 of its levels.

You collected 269 gold pieces.

Inventory:

Hand Weapons
 v - a +3 vorpal war axe (weapon)
Missiles
 h - 2 throwing nets (quivered)
Armour
 e - a +1 cloak (worn)
 g - a +0 chain mail (worn)
 q - a +0 pair of boots (worn)
Wands
 d - a wand of mindburst (25)
 p - a wand of light (4)
Scrolls
 c - a scroll of blinking
 l - 3 scrolls of teleportation
 o - a scroll of identify
 u - a scroll of fear
Potions
 a - 3 potions of heal wounds
 b - a potion of might
 f - a potion of brilliance {unknown}
 i - 3 potions of invisibility {unknown}
 j - 2 potions of degeneration {unknown}
 k - 3 potions of attraction
 m - 4 potions of curing
 n - 2 potions of lignification {unknown}
 r - a potion of resistance
 s - a potion of mutation {unknown}
 t - a potion of haste {unknown}


   Skills:
 - Level 3.6 Fighting
 + Level 16.8 Axes
 - Level 2.4 Armour
 - Level 2.1 Dodging


You had 8 spell levels left.
You didn't know any spells.
Your spell library was empty.

Dungeon Overview and Level Annotations

Branches:
Dungeon (7/15)             Temple (0/1) D:5

Altars:
Fedhas
Makhleb
Xom
Yredelemnul


Innate Abilities, Weirdness & Mutations

You have a pair of horns on your head.
You reflexively headbutt those who attack you in melee.


Message History

The kobold brigand is engulfed in a cloud of scalding steam.
The kobold brigand attacks as you move away!
The kobold brigand hits you but does no damage.
You feel sick.
The kobold brigand is engulfed in a cloud of scalding steam.
The kobold brigand throws a curare-tipped dart.
The curare-tipped dart hits you.
You are more poisoned.
You have difficulty breathing.
You feel as though you will be slow longer.
The gnoll is engulfed in a cloud of scalding steam.
* * * LOW HITPOINT WARNING * * *
You feel extremely sick.
The kobold is engulfed in a cloud of scalding steam.
The kobold dies!
The gnoll is engulfed in a cloud of scalding steam.
The kobold brigand throws a curare-tipped dart.
The curare-tipped dart hits you.
You are lethally poisoned!
You have difficulty breathing.
* * * LOW HITPOINT WARNING * * *
You feel as though you will be slow longer.
A red film seems to cover your vision as you go berserk!
You feel yourself moving faster!
You feel mighty!
* * * LOW HITPOINT WARNING * * *
You feel extremely sick.
The iguana is engulfed in a cloud of scalding steam.
The gnoll hits you from afar with a +0 spear.
* * * LOW HITPOINT WARNING * * *
The gnoll is engulfed in a cloud of scalding steam.
The gnoll dies!
You are too berserk!
You are too berserk!
You slice the kobold brigand!!
You kill the kobold brigand!
Trog accepts your kill.
* * * LOW HITPOINT WARNING * * *
You feel very sick. The gnoll barely misses you.
You die...

..........##...≈≈≈≈≈g§.#
...(.....###.....§(§..?#
........## #§...§....#
......### #####K)l..#
.....## ###...###g#
....## ##.......#.#
##### ##........g.# ##
##..).......)## .###
#..........@..#
)..###..).)........##
)...##..............#
..#....................
..##.))..............##
..###)...............#
..##................##
..##................#
.###.#...........####


You could see an iguana and 2 gnolls.

Vanquished Creatures
  Grinder (D:6)
  Prince Ribbit (D:7)
  Sigmund (D:3)
  Eustachio (D:4)
  A steam dragon (D:6)
  Menkaure (D:5)
  A water moccasin (D:6)
  Duvessa (D:7)
  3 black bears
  2 sky beasts
  A centaur (D:5)
  An ogre (D:7)
  A phantom (D:7)
  3 kobold brigands (D:7)
  2 bullfrogs (D:7)
  2 gnoll sergeants (D:6)
  2 jellies
  Dowan (D:7)
  5 wights (D:6)
  A crimson imp (D:4)
  3 hounds
  5 orc priests
  7 iguanas
  Natasha (thrice) (D:2)
  3 orc wizards
  A mummy (D:4)
  Robin (D:3)
  10 gnolls
  8 adders
  A shadow imp (D:5)
  2 white imps
  An ufetubus (D:4)
  A worm (D:4)
  A dart slug (D:4)
  28 orcs
  9 endoplasms
  5 giant cockroaches
  18 goblins
  7 hobgoblins
  3 jackals (D:3)
  19 kobolds
  2 quokkas
  10 ball pythons
  4 bats
  5 frilled lizards
  A hobgoblin zombie (D:4)
  An orc zombie (D:4)
  4 rats
  A spectral orc (D:5)
196 creatures vanquished.

Vanquished Creatures (others)
  A gnoll (D:7)
  2 kobolds (D:7)
3 creatures vanquished.

Grand Total: 199 creatures vanquished

Notes
Turn   | Place    | Note
-------+----------+-------------------------------------------
     0 | D:1      | BuddhaDhamma the Minotaur Berserker began the quest for the
                  | Orb.
     0 | D:1      | Reached XP level 1. HP: 19/19 MP: 0/0
    41 | D:1      | Reached skill level 4 in Axes
   144 | D:1      | Reached XP level 2. HP: 24/26 MP: 1/1
   351 | D:1      | Reached ** piety under Trog
   384 | D:1      | Reached skill level 5 in Axes
   755 | D:2      | Reached XP level 3. HP: 28/31 MP: 2/2
  1034 | D:2      | Noticed Natasha
  1053 | D:2      | Killed Natasha
  1235 | D:2      | Noticed Natasha
  1242 | D:2      | Killed Natasha
  1243 | D:2      | Reached skill level 6 in Axes
  1243 | D:2      | Reached XP level 4. HP: 39/39 MP: 3/3
  1277 | D:2      | Noticed Natasha
  1288 | D:2      | Killed Natasha
  1401 | D:2      | Found a faded altar of an unknown god.
  1821 | D:3      | Noticed Sigmund
  1831 | D:3      | Killed Sigmund
  1832 | D:3      | Reached skill level 8 in Axes
  1832 | D:3      | Reached XP level 5. HP: 17/45 MP: 4/4
  1832 | D:3      | Reached XP level 6. HP: 19/51 MP: 5/5
  2174 | D:3      | Reached *** piety under Trog
  2194 | D:3      | Noticed Robin
  2198 | D:3      | Killed Robin
  2930 | D:4      | Noticed Eustachio
  2943 | D:4      | Killed Eustachio
  2944 | D:4      | Reached skill level 9 in Axes
  3040 | D:4      | Reached XP level 7. HP: 57/57 MP: 6/6
  3060 | D:4      | Reached skill level 10 in Axes
  3358 | D:4      | Found a burning altar of Makhleb.
  3358 | D:4      | Found a shimmering altar of Xom.
  3362 | D:4      | Reached **** piety under Trog
  4060 | D:5      | Entered Level 5 of the Dungeon
  4066 | D:5      | Reached skill level 11 in Axes
  4091 | D:5      | Noticed Menkaure
  4095 | D:5      | Found a blossoming altar of Fedhas.
  4100 | D:5      | Killed Menkaure
  4101 | D:5      | Reached XP level 8. HP: 64/64 MP: 7/7
  4613 | D:5      | Reached skill level 12 in Axes
  4835 | D:5      | Found a staircase to the Ecumenical Temple.
  4924 | D:5      | Found a basalt altar of Yredelemnul.
  5457 | D:6      | Reached skill level 13 in Axes
  5968 | D:6      | Reached skill level 14 in Axes
  6152 | D:6      | Noticed Grinder
  6168 | D:6      | Killed Grinder
  6169 | D:6      | Reached XP level 9. HP: 31/70 MP: 8/8
  6593 | D:6      | Reached skill level 15 in Axes
  7073 | D:7      | Noticed Prince Ribbit
  7077 | D:7      | Killed Prince Ribbit
  7289 | D:7      | Reached skill level 16 in Axes
  7291 | D:7      | Noticed Duvessa
  7292 | D:7      | Noticed Dowan
  7293 | D:7      | Reached ***** piety under Trog
  7298 | D:7      | Killed Dowan
  7299 | D:7      | Killed Duvessa
  7624 | D:7      | Noticed a cyan ugly thing
  7626 | D:7      | Noticed a two-headed ogre
  7632 | D:7      | HP: 3/105 [poisoned by a kobold brigand (curare-tipped
                  | dart)]
  7633 | D:7      | Succumbed to a kobold brigand's curare-tipped dart

Illustrated notes

Levels and vault maps discovered:
D:1:      dpeg_arrival_ternary, layout_rooms, nicolae_figureground_sparkle
D:2:      layout_loops_ring, dreamdust_ecumenical_altar_statues, serial_rivers,
          chequers_serial_rivers_room_b, chequers_serial_rivers_micro_d,
          chequers_serial_rivers_small_3, chequers_serial_rivers_micro_e,
          chequers_serial_rivers_micro_c, uniq_natasha
D:3:      layout_loops_cross, uniq_sigmund, uniq_robin
D:4:      layout_loops_corners, grunt_temple_overflow_champion_of_chaos,
          nicolae_ossuary_entry_giza, minmay_manual_monstrance, uniq_eustachio
D:5:      layout_cave_pools, fedhas_bush_and_centaur_altar,
          yredelemnul_forgotten_temple_becter, minmay_temple_entry_mist,
          hangedman_decor_push, nicolae_hexahallways, uniq_menkaure
D:6:      layout_basic, nrook_loot_triangle, uniq_grinder
D:7:      layout_cave_pods, lemuel_crystal_altar, grunt_ministairs_3,
          grunt_potential, uniq_pikel, uniq_prince_ribbit1, uniq_joseph,
          uniq_duvessa

Skill      XL: |  1  2  3  4  5  6  7  8  9 |
---------------+----------------------------+-----
Axes           | 4 5 6 8 9 11 14 16 | 16.8
Fighting       | |  3.6
Armour         | |  2.4
Dodging        | |  2.1

Action                   |  1- 3 |  4- 6 |  7- 9 || total
-------------------------+-------+-------+-------++-------
Melee: Hand axe          |   107 |    34 |       ||   141
       Headbutt          |     6 |    15 |    52 ||    73
       War axe           |       |    69 |   240 ||   309
       Punch             |       |     1 |     3 ||     4
Invok: Berserk           |     1 |     2 |     5 ||     8
  Use: Scroll            |       |     9 |     4 ||    13
Armor: Animal skin       |     5 |       |       ||     5
       Chain mail        |    44 |    38 |   123 ||   205
       Scale mail        |     8 |       |       ||     8
Dodge: Dodged            |    53 |    55 |    96 ||   204
